 Dungeon Crawl Stone Soup version 0.22.0-21-g8bd1b0a76a (webtiles) character file.

406 Kniotic the Cleaver (level 6, -1/51 HPs)
             Began as a Minotaur Berserker on Aug 19, 2018.
             Was a Priest of Trog.
             Slain by an orc warrior
             ... wielding a +0 halberd
              (10 damage)
             ... on level 4 of the Dungeon.
             The game lasted 00:04:13 (2602 turns).

Kniotic the Cleaver (Minotaur Berserker)            Turns: 2602, Time: 00:04:13

Health: -1/51      AC: 10    Str: 24    XL:     6   Next: 56%
Magic:  5/5        EV:  8    Int:  9    God:    Trog [***...]
Gold:   234        SH:  0    Dex:  9    Spells: 5/5 levels left

rFire    . . .     SeeInvis .   a - +0 hand axe
rCold    + + .     Gourm    .   (no shield)
rNeg     . . .     Faith    .   h - +1 chain mail {rC+}
rPois    .         Spirit   .   (helmet restricted)
rElec    .         Reflect  .   o - +0 cloak
rCorr    .         Harm     .   (no gloves)
MR       .....                  (no boots)
Stlth    ..........             (no amulet)
HPRegen  0.17/turn              s - ring of protection from cold
MPRegen  0.09/turn              (no ring)

@: brilliant, berserk cooldown, slowed, very slow
A: retaliatory headbutt, horns 2
a: Berserk, Trog's Hand, Renounce Religion


You were on level 4 of the Dungeon.
You worshipped Trog.
Trog was most pleased with you.
You were very hungry.

You visited 1 branch of the dungeon, and saw 4 of its levels.

You collected 234 gold pieces.

Inventory:

Hand Weapons
 a - a +0 hand axe (weapon)
Armour
 h - a +1 chain mail of cold resistance (worn)
 o - a +0 cloak (worn)
Jewellery
 s - a ring of protection from cold (left hand)
Wands
 l - a wand of enslavement (7)
Scrolls
 b - 2 scrolls of immolation {unknown}
 f - 5 scrolls of identify {unknown}
 i - a scroll of enchant weapon {unknown}
 j - 3 scrolls of amnesia {unknown}
 k - a scroll of blinking {unknown}
 q - 2 scrolls of remove curse {unknown}
 t - a scroll of teleportation {unknown}
Potions
 e - a potion of resistance {unknown}
 g - a potion of ambrosia {unknown}
 m - a potion of brilliance
 n - a potion of heal wounds {unknown}
 p - 2 potions of curing {unknown}
 r - 2 potions of magic {unknown}
 u - a potion of might {unknown}
Comestibles
 c - 6 rations
 d - 4 chunks of flesh


   Skills:
 - Level 3.6 Fighting
 + Level 9.0 Axes
 - Level 2.4 Armour
 - Level 2.1 Dodging


You had 5 spell levels left.
You didn't know any spells.
Your spell library was empty.

Dungeon Overview and Level Annotations

Branches:
Dungeon (4/15)
 Temple: D:4-7

Altars:
Hepliaklqana
Ru
Uskayaw
Yredelemnul
The Shining One


Innate Abilities, Weirdness & Mutations

You reflexively headbutt those who attack you in melee.
You have a pair of horns on your head.


Message History

Your Axes skill increases to level 9!
The orc warrior hits you from afar with a halberd!
* * * LOW HITPOINT WARNING * * *
Things that are here:
a trident of protection; an orc corpse You feel a strong urge to attack something.
You are no longer berserk.
You are exhausted.
You feel yourself slow down. The jackal bites you.
* * * LOW HITPOINT WARNING * * *
Things that are here:
a dagger; a scroll labeled SODISO ONGAB The jackal bites you but does no damage.
Things that are here:
a flail; a ring mail; an orc corpse It was a potion of brilliance.
You feel clever all of a sudden.
The jackal bites you but does no damage. x2
The orc warrior hits you from afar with a halberd!
You die...

....... #.....#
###.....#
..#......
#.#.....# #
####.#.....# .o
#[@ho...# .)o
#(##.##.####..##
#.##..[..oo....#
#.#####..$...#.#
#.#####..###...#
#........## ###
#######...# ##
#...# #. #...#
#.


You could see an orc warrior and a jackal.

Vanquished Creatures
  An ice beast (D:4)
  A scorpion (D:3)
  3 orc priests
  Crazy Yiuf (D:2)
  An orc wizard (D:3)
  An adder (D:3)
  An ooze (D:4)
  2 worms (D:3)
  3 dart slugs
  8 leopard geckos
  9 orcs
  6 bats
  2 giant cockroaches
  9 hobgoblins
  4 jackals
  2 quokkas
  A ball python (D:3)
  3 frilled lizards (D:3)
  4 goblins
  11 kobolds
  11 rats
  A spectral orc (D:2)
85 creatures vanquished.

Vanquished Creatures (others)
  A plant (D:2)
1 creature vanquished.

Grand Total: 86 creatures vanquished

Notes
Turn   | Place    | Note
-------+----------+-------------------------------------------
     0 | D:1      | Kniotic the Minotaur Berserker began the quest for the Orb.
     0 | D:1      | Reached XP level 1. HP: 19/19 MP: 0/0
    64 | D:1      | Reached skill level 4 in Axes
   172 | D:1      | Reached XP level 2. HP: 6/26 MP: 1/1
   797 | D:1      | Reached ** piety under Trog
   887 | D:1      | Reached skill level 5 in Axes
  1132 | D:2      | Reached XP level 3. HP: 31/31 MP: 2/2
  1243 | D:2      | Found a basalt altar of Yredelemnul.
  1544 | D:2      | Found a runed door.
  1601 | D:2      | Noticed Crazy Yiuf
  1606 | D:2      | Killed Crazy Yiuf
  1606 | D:2      | Reached skill level 6 in Axes
  1606 | D:2      | Reached XP level 4. HP: 27/39 MP: 3/3
  2004 | D:3      | Reached skill level 7 in Axes
  2004 | D:3      | Reached XP level 5. HP: 28/45 MP: 4/4
  2119 | D:3      | Found a hazy altar of Hepliaklqana.
  2119 | D:3      | Found a sacrificial altar of Ru.
  2124 | D:3      | Found a hide-covered altar of Uskayaw.
  2126 | D:3      | Found a glowing golden altar of the Shining One.
  2127 | D:3      | Found a faded altar of an unknown god.
  2202 | D:3      | Reached *** piety under Trog
  2564 | D:4      | Noticed an ice beast
  2574 | D:4      | Reached skill level 8 in Axes
  2586 | D:4      | Killed an ice beast
  2586 | D:4      | Reached XP level 6. HP: 51/51 MP: 5/5
  2592 | D:4      | Noticed an orc warrior
  2598 | D:4      | Reached skill level 9 in Axes
  2602 | D:4      | Slain by an orc warrior

Skill      XL: |  1  2  3  4  5  6 |
---------------+-------------------+-----
Axes           | 4 5 6 7 8 9 |  9.0
Fighting       | |  3.6
Armour         | |  2.4
Dodging        | |  2.1

Action                   |  1- 3 |  4- 6 || total
-------------------------+-------+-------++-------
Melee: Hand axe          |    87 |    83 ||   170
       Headbutt          |    12 |    19 ||    31
Invok: Berserk           |     1 |     1 ||     2
  Use: Potion            |       |     1 ||     1
  Eat: Chunk             |     2 |     4 ||     6
Armor: Animal skin       |     7 |       ||     7
       Chain mail        |    18 |    42 ||    60
Dodge: Dodged            |    41 |    25 ||    66
